PIO (24 & UNDER)
SALEM SLEDGEHAMMERS @ SURREY SINNERS
10/02/2027
 
TOP OF THE 1ST
Salem Sledgehammers batting - Pitching for Surrey Sinners : LHP Jason Reece
Pitching: LHP Jason Reece
Batting: RHB Luis Bustamante 0-0: Swinging Strike
0-1: Ball
1-1: Ball
2-1: Fly out, F8 (Flyball, 8LD)
Batting: RHB José García 0-0: Foul Ball, location: 2F
0-1: Ball
1-1: Foul Ball, location: 2F
1-2: Foul Ball, location: 2F
1-2: Strikes out swinging
Batting: SHB Richard Griffin 0-0: Fly out, F2 (Popup, 25)
Top of the 1st over - 0 run(s), 0 hit(s), 0 error(s), 0 left on base; Salem 0 - Surrey 0
BOTTOM OF THE 1ST
Surrey Sinners batting - Pitching for Salem Sledgehammers : LHP Alberto Pagán
Pitching: LHP Alberto Pagán
Batting: RHB Marcos Liñares 0-0: Ball
1-0: Foul Ball, location: 2F
1-1: SINGLE (Groundball, 34D)
Batting: LHB Jorge Martínez 0-0: Ball
1-0: Ball
2-0: Foul Ball, location: 2F
2-1: SINGLE (Groundball, 4MD)
Marcos Liñares to second
Batting: LHB Iván Espinosa 0-0: Ball
Marcos Liñares steals 3rd base
Jorge Martínez to second
1-0: Foul Ball, location: 2F
1-1: Ball
2-1: Ball
3-1: DOUBLE (Line Drive, 8LD)
Marcos Liñares scores
Jorge Martínez scores
Batting: LHB Tony Smith 0-0: Ball
1-0: Ball
2-0: Ball
3-0: Called Strike
3-1: Called Strike
3-2: Base on Balls
Batting: RHB Félix Castro 0-0: Ball
1-0: Foul Ball, location: 2F
1-1: Foul Ball, location: 2F
1-2: Foul Ball, location: 2F
1-2: Strikes out swinging
Batting: RHB Heath O'Keerwin 0-0: Called Strike
0-1: Swinging Strike
0-2: Ball
1-2: SINGLE (Groundball, 6D)
Iván Espinosa to third
Tony Smith to second
Runner from 3rd tries for Home, SAFE, throw made home
Tony Smith to third
Heath O'Keerwin to second
Batting: RHB Clarence Harrison 0-0: Swinging Strike
0-1: Foul Ball, location: 2F
0-2: Ball
1-2: Strikes out swinging
Batting: RHB Dennis House 0-0: Ball
1-0: Swinging Strike
1-1: Foul Ball, location: 2F
1-2: Ball
2-2: Ball
3-2: Reached on error, E6 (Groundball, 56)
Tony Smith scores
Heath O'Keerwin to third
Batting: RHB Mauro Paredes 0-0: Fielders Choice at 2nd, 4-6 (Groundball, 4)
Bottom of the 1st over - 4 run(s), 4 hit(s), 1 error(s), 1 left on base; Salem 0 - Surrey 4
TOP OF THE 2ND
Salem Sledgehammers batting - Pitching for Surrey Sinners : LHP Jason Reece
Batting: SHB Enrique Uribe 0-0: Ground out 4-3 (Groundball, 4)
Batting: RHB Glenn Broadwater 0-0: Fly out, F9 (Flyball, 9S)
Batting: RHB Bobby Miller 0-0: Ball
1-0: Foul Ball, location: 2F
1-1: Called Strike
1-2: Strikes out swinging
Top of the 2nd over - 0 run(s), 0 hit(s), 0 error(s), 0 left on base; Salem 0 - Surrey 4
BOTTOM OF THE 2ND
Surrey Sinners batting - Pitching for Salem Sledgehammers : LHP Alberto Pagán
Batting: RHB Marcos Liñares 0-0: Ball
1-0: Fly out, F4 (Popup, 34)
Batting: LHB Jorge Martínez 0-0: Ball
1-0: Called Strike
1-1: Ball
2-1: Called Strike
2-2: Foul Ball, location: 2F
2-2: Ball
3-2: Strikes out looking
Batting: LHB Iván Espinosa 0-0: Called Strike
0-1: Foul Ball, location: 2F
0-2: Strikes out looking
Bottom of the 2nd over - 0 run(s), 0 hit(s), 0 error(s), 0 left on base; Salem 0 - Surrey 4
TOP OF THE 3RD
Salem Sledgehammers batting - Pitching for Surrey Sinners : LHP Jason Reece
Batting: RHB Gilberto Silva 0-0: Ball
1-0: Ball
2-0: Foul Ball, location: 2F
2-1: Foul Ball, location: 2F
2-2: Ball
3-2: Foul Ball, location: 2F
3-2: Base on Balls
Batting: RHB Gilberto Tovar 0-0: Ball
1-0: Ball
2-0: Ball
3-0: Called Strike
3-1: DOUBLE (Line Drive, 7LD)
Gilberto Silva to third
Runner from 3rd tries for Home, throw and OUT!
Gilberto Tovar to third
Batting: RHB Lakota O'Reilly 0-0: Ball
1-0: Called Strike
1-1: Reached on error, E5 (Groundball, 56)
Gilberto Tovar scores
Batting: RHB Luis Bustamante 0-0: Called Strike
0-1: Ball
1-1: Foul Ball, location: 2F
1-2: Ball
2-2: Ball
3-2: Strikes out looking
Batting: RHB José García 0-0: Called Strike
0-1: Ball
1-1: Foul Ball, location: 2F
1-2: Ball
2-2: SINGLE (Line Drive, 7S)
Lakota O'Reilly to third
Runner from 3rd tries for Home, SAFE, no throw
Batting: SHB Richard Griffin 0-0: Reached on error, E5 (Groundball, 5)
José García to second
Batting: SHB Enrique Uribe 0-0: Ball
1-0: Ball
2-0: Foul Ball, location: 2F
2-1: SINGLE (Groundball, 6MD)
José García to third
Richard Griffin to second
Runner from 3rd tries for Home, SAFE, no throw
Batting: RHB Glenn Broadwater 0-0: Called Strike
0-1: Ball
1-1: Ball
2-1: Fly out, F2 (Popup, 25)
Top of the 3rd over - 3 run(s), 3 hit(s), 2 error(s), 2 left on base; Salem 3 - Surrey 4
BOTTOM OF THE 3RD
Surrey Sinners batting - Pitching for Salem Sledgehammers : LHP Alberto Pagán
Batting: LHB Tony Smith 0-0: Swinging Strike
0-1: Ball
1-1: Ball
2-1: SOLO HOME RUN (Flyball, 9D), Distance : 361 ft
Batting: RHB Félix Castro 0-0: Swinging Strike
0-1: Called Strike
0-2: Ball
1-2: Ball
2-2: Foul Ball, location: 2F
2-2: Strikes out swinging
Batting: RHB Heath O'Keerwin 0-0: Called Strike
0-1: Ball
1-1: Ground out 6-3 (Groundball, 6)
Batting: RHB Clarence Harrison 0-0: Ball
1-0: Swinging Strike
1-1: Ball
2-1: Foul Ball, location: 2F
2-2: Ball
3-2: Foul Ball, location: 2F
3-2: Foul Ball, location: 2F
3-2: Base on Balls
Pitching: RHP Juan Herrera
Batting: RHB Dennis House 0-0: Fly out, F9 (Flyball, 9LSF)
Bottom of the 3rd over - 1 run(s), 1 hit(s), 0 error(s), 1 left on base; Salem 3 - Surrey 5
TOP OF THE 4TH
Salem Sledgehammers batting - Pitching for Surrey Sinners : LHP Jason Reece
Batting: RHB Bobby Miller 0-0: Swinging Strike
0-1: Ball
1-1: Ball
2-1: Called Strike
2-2: Strikes out looking
Batting: RHB Gilberto Silva 0-0: Called Strike
0-1: Ball
1-1: Ball
2-1: Ball
3-1: Called Strike
3-2: Base on Balls
Batting: RHB Gilberto Tovar 0-0: Called Strike
0-1: Ball
1-1: Ball
2-1: Foul Ball, location: 2F
2-2: Foul Ball, location: 2F
2-2: Ball
3-2: Foul Ball, location: 2F
3-2: Foul Ball, location: 2F
3-2: Foul Ball, location: 2F
3-2: SINGLE (Line Drive, 78S)
Gilberto Silva to second
Batting: RHB Lakota O'Reilly 0-0: Called Strike
0-1: SINGLE (Flyball, 7LS)
Gilberto Silva to third
Gilberto Tovar to second
Runner from 3rd tries for Home, SAFE, throw made home
Gilberto Tovar to third
Lakota O'Reilly to second
Batting: RHB Luis Bustamante 0-0: Ball
1-0: Called Strike
1-1: Called Strike
1-2: Foul Ball, location: 2F
1-2: Ball
2-2: Fly out, F8 (Flyball, 8LM)
Runner from 3rd tags up, OUT at HOME
Top of the 4th over - 1 run(s), 2 hit(s), 0 error(s), 1 left on base; Salem 4 - Surrey 5
BOTTOM OF THE 4TH
Surrey Sinners batting - Pitching for Salem Sledgehammers : RHP Juan Herrera
Batting: RHB Mauro Paredes 0-0: Called Strike
0-1: Ball
1-1: Foul Ball, location: 2F
1-2: Ball
2-2: Strikes out looking
Batting: RHB Marcos Liñares 0-0: Ball
1-0: Called Strike
1-1: Foul Ball, location: 2F
1-2: Ball
2-2: Strikes out looking
Batting: LHB Jorge Martínez 0-0: Called Strike
0-1: Ball
1-1: Foul Ball, location: 2F
1-2: Ball
2-2: Strikes out swinging
Bottom of the 4th over - 0 run(s), 0 hit(s), 0 error(s), 0 left on base; Salem 4 - Surrey 5
TOP OF THE 5TH
Salem Sledgehammers batting - Pitching for Surrey Sinners : LHP Jason Reece
Batting: RHB José García 0-0: Called Strike
0-1: Ball
1-1: Fly out, F3 (Popup, 3L)
Batting: SHB Richard Griffin 0-0: Ball
1-0: Foul Ball, location: 2F
1-1: Foul Ball, location: 2F
1-2: Strikes out swinging
Batting: SHB Enrique Uribe 0-0: Called Strike
0-1: Foul Ball, location: 2F
0-2: SINGLE (Groundball, 4D)
Pitching: RHP Pedro Luque
Batting: RHB Glenn Broadwater 0-0: Ball
1-0: Ball
2-0: Swinging Strike
2-1: Fielders Choice at 2nd, 6-4 (Groundball, 56)
Top of the 5th over - 0 run(s), 1 hit(s), 0 error(s), 0 left on base; Salem 4 - Surrey 5
BOTTOM OF THE 5TH
Surrey Sinners batting - Pitching for Salem Sledgehammers : RHP Juan Herrera
Batting: LHB Iván Espinosa 0-0: Ball
1-0: Called Strike
1-1: Ball
2-1: Fly out, F2 (Popup, 23)
Batting: LHB Tony Smith 0-0: Fly out, F8 (Flyball, 8RS)
Batting: RHB Félix Castro 0-0: SINGLE (Groundball, 34D)
Batting: RHB Heath O'Keerwin 0-0: Ball
1-0: SINGLE (Groundball, 25) (infield hit)
Félix Castro to second
Batting: RHB Clarence Harrison 0-0: Foul Ball, location: 2F
0-1: Foul Ball, location: 2F
0-2: Ball
Wild Pitch!
Félix Castro to third
Heath O'Keerwin to second
1-2: Ball
2-2: Strikes out swinging
Bottom of the 5th over - 0 run(s), 2 hit(s), 0 error(s), 2 left on base; Salem 4 - Surrey 5
TOP OF THE 6TH
Salem Sledgehammers batting - Pitching for Surrey Sinners : RHP Pedro Luque
Batting: RHB Bobby Miller 0-0: Ball
1-0: Fly out, F4 (Line Drive, 4)
Batting: RHB Gilberto Silva 0-0: Ball
1-0: Ball
2-0: Ball
3-0: Base on Balls
Batting: RHB Gilberto Tovar 0-0: Swinging Strike
0-1: Ball
1-1: Grounds into double play, 5-4-3 (Groundball, 56)
Top of the 6th over - 0 run(s), 0 hit(s), 0 error(s), 0 left on base; Salem 4 - Surrey 5
BOTTOM OF THE 6TH
Surrey Sinners batting - Pitching for Salem Sledgehammers : RHP Juan Herrera
Batting: RHB Dennis House 0-0: Foul Ball, location: 2F
0-1: Ball
1-1: Foul Ball, location: 2F
1-2: Strikes out looking
Batting: RHB Mauro Paredes 0-0: Called Strike
0-1: Ball
1-1: Ball
2-1: Fly out, F7 (Flyball, 7D)
Batting: RHB Marcos Liñares 0-0: Swinging Strike
0-1: Ball
1-1: Called Strike
1-2: Strikes out swinging
Bottom of the 6th over - 0 run(s), 0 hit(s), 0 error(s), 0 left on base; Salem 4 - Surrey 5
TOP OF THE 7TH
Salem Sledgehammers batting - Pitching for Surrey Sinners : RHP Pedro Luque
Batting: RHB Lakota O'Reilly 0-0: Foul Ball, location: 2F
0-1: Called Strike
0-2: Ball
1-2: Ball
2-2: Strikes out swinging
Batting: RHB Luis Bustamante 0-0: Foul Ball, location: 2F
0-1: Ball
1-1: Foul Ball, location: 2F
1-2: Ball
2-2: Strikes out looking
Batting: RHB José García 0-0: Ball
1-0: SINGLE (Line Drive, 6D)
Batting: SHB Richard Griffin 0-0: Ball
Throwing error on steal attempt, E2
José García to third
1-0: Called Strike
1-1: Ball
2-1: Ball
3-1: Swinging Strike
3-2: Base on Balls
Batting: SHB Enrique Uribe 0-0: Ground out 6-3 (Groundball, 56D)
Top of the 7th over - 0 run(s), 1 hit(s), 1 error(s), 2 left on base; Salem 4 - Surrey 5
BOTTOM OF THE 7TH
Surrey Sinners batting - Pitching for Salem Sledgehammers : RHP Juan Herrera
Pitching: LHP Pepe Gómez
Batting: LHB Jorge Martínez 0-0: Foul Ball, location: 2F
0-1: Ground out 4-3 (Groundball, 4)
Batting: LHB Iván Espinosa 0-0: Called Strike
0-1: Ball
1-1: Ground out 4-3 (Groundball, 34)
Pitching: LHP Mitch Bennett
Batting: LHB Tony Smith 0-0: Called Strike
0-1: Ball
1-1: Ball
2-1: Foul Ball, location: 2F
2-2: Foul Ball, location: 2F
2-2: Ball
3-2: Base on Balls
Pinch Hitting: SHB Norberto Muñóz 0-0: Ball
1-0: Called Strike
1-1: Ball
2-1: Foul Ball, location: 2F
2-2: Ball
3-2: Foul Ball, location: 2F
3-2: Strikes out looking
Bottom of the 7th over - 0 run(s), 0 hit(s), 0 error(s), 1 left on base; Salem 4 - Surrey 5
TOP OF THE 8TH
Salem Sledgehammers batting - Pitching for Surrey Sinners : RHP Pedro Luque
Pitching: LHP Werner Corona
Now at 3B: Joey Boyd
Batting: RHB Glenn Broadwater 0-0: Called Strike
0-1: Foul Ball, location: 2F
0-2: Fly out, F8 (Flyball, 89M)
Batting: RHB Bobby Miller 0-0: SINGLE (Line Drive, 7LS)
Batting: RHB Gilberto Silva 0-0: Ball
1-0: Ball
2-0: Ball
3-0: Called Strike
3-1: Fly out, F7 (Line Drive, 7D)
Batting: RHB Gilberto Tovar 0-0: Foul Ball, location: 2F
0-1: Ground out 4-3 (Groundball, 4MS)
Top of the 8th over - 0 run(s), 1 hit(s), 0 error(s), 1 left on base; Salem 4 - Surrey 5
BOTTOM OF THE 8TH
Surrey Sinners batting - Pitching for Salem Sledgehammers : LHP Mitch Bennett
Batting: RHB Heath O'Keerwin 0-0: Called Strike
0-1: Swinging Strike
0-2: Ball
1-2: Foul Ball, location: 2F
1-2: Strikes out swinging
Batting: RHB Clarence Harrison 0-0: Called Strike
0-1: Called Strike
0-2: Fly out, F8 (Flyball, 8RM)
Batting: RHB Dennis House 0-0: Fly out, F9 (Flyball, 89M)
Bottom of the 8th over - 0 run(s), 0 hit(s), 0 error(s), 0 left on base; Salem 4 - Surrey 5
TOP OF THE 9TH
Salem Sledgehammers batting - Pitching for Surrey Sinners : LHP Werner Corona
Pitching: LHP Miguel Pazo
Pinch Hitting: RHB Donovan James 0-0: Ball
1-0: Called Strike
1-1: Ball
2-1: Ball
3-1: Base on Balls
Batting: RHB Luis Bustamante 0-0: Called Strike
0-1: Ball
1-1: Ball
2-1: Fly out, F2 (Popup, 23)
Batting: RHB José García 0-0: Called Strike
0-1: Ball
1-1: Grounds into double play, 6-4-3 (Groundball, 6)
Top of the 9th over - 0 run(s), 0 hit(s), 0 error(s), 0 left on base; Salem 4 - Surrey 5
Thursday, March 30th, 2017 - OOTP Baseball 17.12 Build 75